[ PARTIDA AOE2 · #507289607 ]
UnrankedArmenios vs Poles
Equipo del jugador · VICT
Equipo rival · DERR
[ ANÁLISIS DE REPETICIÓN · EXTRAÍDO DE LA PARTIDA GRABADA ]
Feudal
9:17
Castillos
—
Imperial
—
| APM promedio | 109.3 |
| APM pico | 158 |
| eAPM promedio | 54.6 |
| Aldeanos / militares | 58 / 33 |
Foco
⚔️ 71.3% · 🌾 28.7%
Militia ×21 · Skirmisher ×12
Feudal
8:28
Castillos
—
Imperial
—
| APM promedio | 80.8 |
| APM pico | 107 |
| eAPM promedio | 33.5 |
| Aldeanos / militares | 42 / 22 |
Foco
⚔️ 57.4% · 🌾 42.6%
Skirmisher ×19 · Archer ×1 · Spearman ×1 · Scout Cavalry ×1
Mapa de la partida
Recursos iniciales + cada clic de construcción. Líneas = muros · curvas = relieve. ◆ oro · ⬟ piedra · ● bayas · ✦ reliquia · ◌ hueco del cierre
Tu base· Abierta — flanco sin cerrar
Base de PatrickJane· Abierta — flanco sin cerrar
Terreno inicial suavizado · ◌ = hueco del cierre detectado · pasá el cursor para detalles
Inputs por minuto
— Shulk - - PatrickJane
Build order — Shulk
149 acciones detectadas en el replay
| 0:00 | Encolar | Villager (Male) |
| 0:01 | Encolar | Villager (Male) |
| 0:01 | Encolar | Villager (Male) |
| 0:01 | Encolar | Villager (Male) |
| 0:02 | Construir | House |
| 0:02 | Construir | House |
| 1:25 | Encolar | Villager (Male) |
| 1:34 | Construir | Mule Cart |
| 2:00 | Encolar | Villager (Male) |
| 2:00 | Encolar | Villager (Male) |
| 2:29 | Encolar | Villager (Male) |
| 2:29 | Encolar | Villager (Male) |
| 2:57 | Encolar | Villager (Male) |
| 2:58 | Encolar | Villager (Male) |
| 3:36 | Encolar | Villager (Male) |
| 3:36 | Encolar | Villager (Male) |
| 3:52 | Construir | House |
| 3:55 | Encolar | Villager (Male) |
| 4:02 | Encolar | Villager (Male) |
| 4:08 | Encolar | Villager (Male) |
| 4:35 | Encolar | Villager (Male) |
| 4:56 | Encolar | Villager (Male) |
| 4:56 | Encolar | Villager (Male) |
| 4:56 | Encolar | Villager (Male) |
| 4:56 | Encolar | Villager (Male) |
| 5:11 | Construir | House |
| 6:07 | Construir | Barracks |
| 6:13 | Investigar | Loom |
| 6:59 | Investigar | Feudal Age |
| 7:03 | Construir | House |
| 7:13 | Encolar | Militia |
| 7:13 | Encolar | Militia |
| 7:14 | Encolar | Militia |
| 7:35 | Construir | Palisade Wall |
| 8:01 | Encolar | Militia |
| 8:32 | Encolar | Villager (Male) |
| 9:10 | Encolar | Villager (Male) |
| 9:17 | Edad | Edad Feudal |
| 9:20 | Construir | Archery Range |
| 9:28 | Investigar | Double-Bit Axe |
| 9:33 | Encolar | Villager (Male) |
| 9:45 | Investigar | Man-at-Arms (upgrade) |
| 10:03 | Construir | House |
| 10:03 | Encolar | Villager (Male) |
| 10:09 | Encolar | Skirmisher |
| 10:09 | Encolar | Skirmisher |
| 10:15 | Construir | Mill |
| 10:34 | Encolar | Skirmisher |
| 10:40 | Construir | House |
| 10:52 | Encolar | Villager (Male) |
| 11:08 | Encolar | Villager (Male) |
| 11:22 | Construir | Farm |
| 11:22 | Construir | Farm |
| 11:23 | Construir | Farm |
| 11:23 | Construir | Farm |
| 11:49 | Construir | Farm |
| 11:54 | Encolar | Villager (Male) |
| 12:07 | Construir | Farm |
| 12:08 | Encolar | Skirmisher |
| 12:25 | Construir | Farm |
| 12:34 | Encolar | Skirmisher |
| 12:46 | Encolar | Villager (Male) |
| 12:52 | Encolar | Skirmisher |
| 12:56 | Construir | Farm |
| 13:06 | Encolar | Skirmisher |
| 13:12 | Encolar | Villager (Male) |
| 13:31 | Construir | Blacksmith |
| 13:35 | Encolar | Villager (Male) |
| 13:38 | Encolar | Villager (Male) |
| 13:41 | Construir | Mule Cart |
| 13:53 | Construir | House |
| 14:00 | Encolar | Villager (Male) |
| 14:06 | Encolar | Skirmisher |
| 14:12 | Construir | Farm |
| 14:13 | Construir | Farm |
| 14:25 | Encolar | Skirmisher |
| 14:29 | Encolar | Militia |
| 14:35 | Investigar | Horse Collar |
| 14:43 | Construir | Palisade Wall |
| 14:45 | Construir | Palisade Wall |
| 14:49 | Encolar | Villager (Male) |
| 14:53 | Construir | House |
| 15:02 | Construir | Farm |
| 15:06 | Investigar | Fletching |
| 15:22 | Encolar | Villager (Male) |
| 15:22 | Encolar | Villager (Male) |
| 15:28 | Construir | Farm |
| 15:34 | Encolar | Villager (Male) |
| 15:35 | Construir | House |
| 15:36 | Construir | House |
| 15:40 | Encolar | Skirmisher |
| 15:50 | Encolar | Villager (Male) |
| 15:58 | Encolar | Villager (Male) |
| 15:59 | Encolar | Villager (Male) |
| 16:12 | Investigar | Scale Mail Armor |
| 16:17 | Construir | Farm |
| 16:19 | Construir | Farm |
| 16:22 | Encolar | Villager (Male) |
| 16:27 | Investigar | Long Swordsman (upgrade) |
| 16:31 | Encolar | Villager (Male) |
| 16:33 | Construir | House |
| 16:35 | Encolar | Villager (Male) |
| 16:42 | Construir | Farm |
| 16:54 | Encolar | Villager (Male) |
| 17:05 | Encolar | Villager (Male) |
| 17:11 | Construir | House |
| 17:14 | Encolar | Militia |
| 17:14 | Encolar | Militia |
| 17:18 | Investigar | Scale Mail Armor |
| 17:26 | Encolar | Villager (Male) |
| 17:31 | Encolar | Villager (Male) |
| 17:41 | Encolar | Villager (Male) |
| 17:46 | Encolar | Skirmisher |
| 17:49 | Encolar | Militia |
| 17:49 | Encolar | Militia |
| 17:52 | Construir | Market |
| 17:57 | Encolar | Militia |
| 17:57 | Encolar | Militia |
| 18:09 | Encolar | Villager (Male) |
| 18:10 | Encolar | Militia |
| 18:11 | Encolar | Militia |
| 18:16 | Encolar | Villager (Male) |
| 18:27 | Encolar | Militia |
| 18:27 | Encolar | Militia |
| 18:31 | Investigar | Padded Archer Armor |
| 18:36 | Encolar | Villager (Male) |
| 18:46 | Encolar | Militia |
| 18:46 | Encolar | Militia |
| 19:01 | Construir | Farm |
| 19:02 | Construir | Farm |
| 19:02 | Construir | Farm |
| 19:07 | Encolar | Villager (Male) |
| 19:29 | Encolar | Villager (Male) |
| 19:34 | Encolar | Villager (Male) |
| 19:35 | Encolar | Militia |
| 19:35 | Encolar | Militia |
| 19:38 | Encolar | Villager (Male) |
| 19:42 | Encolar | Villager (Male) |
| 19:46 | Encolar | Skirmisher |
| 19:48 | Encolar | Villager (Male) |
| 19:54 | Encolar | Villager (Male) |
| 19:56 | Encolar | Militia |
| 20:13 | Construir | Farm |
| 20:13 | Construir | Farm |
| 20:13 | Construir | Farm |
| 20:13 | Construir | Farm |
| 20:14 | Construir | Farm |
| 20:14 | Construir | Farm |
| 20:38 | Encolar | Militia |
Build order — PatrickJane
117 acciones detectadas en el replay
| 0:02 | Encolar | Villager (Male) |
| 0:02 | Construir | House |
| 0:04 | Construir | House |
| 0:07 | Encolar | Villager (Male) |
| 0:08 | Encolar | Villager (Male) |
| 0:10 | Encolar | Villager (Male) |
| 1:29 | Encolar | Villager (Male) |
| 1:45 | Construir | Mill |
| 2:01 | Encolar | Villager (Male) |
| 2:17 | Encolar | Villager (Male) |
| 2:49 | Encolar | Villager (Male) |
| 3:12 | Encolar | Villager (Male) |
| 3:12 | Encolar | Villager (Male) |
| 3:34 | Encolar | Villager (Male) |
| 4:01 | Encolar | Villager (Male) |
| 4:14 | Encolar | Villager (Male) |
| 4:43 | Encolar | Villager (Male) |
| 5:05 | Construir | House |
| 5:13 | Encolar | Villager (Male) |
| 5:17 | Construir | Lumber Camp |
| 5:29 | Encolar | Villager (Male) |
| 5:51 | Investigar | Loom |
| 6:18 | Investigar | Feudal Age |
| 7:22 | Construir | Barracks |
| 7:40 | Encolar | Villager (Male) |
| 8:06 | Construir | House |
| 8:28 | Edad | Edad Feudal |
| 8:31 | Construir | Archery Range |
| 8:40 | Encolar | Spearman |
| 8:50 | Encolar | Villager (Male) |
| 8:53 | Construir | House |
| 9:02 | Encolar | Villager (Male) |
| 9:16 | Encolar | Archer |
| 9:19 | Encolar | Villager (Male) |
| 9:25 | Construir | House |
| 9:31 | Encolar | Villager (Male) |
| 9:40 | Encolar | Villager (Male) |
| 9:48 | Construir | Palisade Wall |
| 9:50 | Construir | Palisade Wall |
| 10:02 | Encolar | Villager (Male) |
| 10:04 | Construir | Palisade Wall |
| 10:06 | Construir | Palisade Wall |
| 10:07 | Construir | Palisade Wall |
| 10:09 | Construir | Palisade Wall |
| 10:09 | Construir | Palisade Wall |
| 10:18 | Encolar | Villager (Male) |
| 10:28 | Construir | Mining Camp |
| 10:32 | Encolar | Skirmisher |
| 10:33 | Encolar | Villager (Male) |
| 10:38 | Encolar | Villager (Male) |
| 10:47 | Encolar | Villager (Male) |
| 11:07 | Encolar | Villager (Male) |
| 11:12 | Encolar | Villager (Male) |
| 11:26 | Construir | Mill |
| 11:38 | Construir | House |
| 11:47 | Encolar | Skirmisher |
| 11:48 | Encolar | Skirmisher |
| 11:53 | Encolar | Villager (Male) |
| 12:22 | Construir | House |
| 12:53 | Encolar | Skirmisher |
| 13:03 | Encolar | Villager (Male) |
| 13:06 | Encolar | Villager (Male) |
| 13:19 | Construir | Blacksmith |
| 13:21 | Encolar | Skirmisher |
| 13:23 | Encolar | Villager (Male) |
| 13:35 | Construir | Farm |
| 13:44 | Encolar | Skirmisher |
| 13:45 | Encolar | Villager (Male) |
| 13:58 | Encolar | Villager (Male) |
| 14:06 | Investigar | Fletching |
| 14:06 | Investigar | Fletching |
| 14:09 | Encolar | Skirmisher |
| 14:16 | Construir | Farm |
| 14:16 | Construir | Farm |
| 14:36 | Encolar | Skirmisher |
| 14:54 | Construir | Lumber Camp |
| 15:10 | Construir | House |
| 15:13 | Encolar | Skirmisher |
| 15:20 | Construir | Palisade Wall |
| 15:23 | Construir | Palisade Wall |
| 15:34 | Construir | Farm |
| 15:41 | Construir | Palisade Wall |
| 15:42 | Construir | Palisade Wall |
| 15:52 | Encolar | Villager (Male) |
| 15:52 | Encolar | Villager (Male) |
| 15:55 | Construir | Watch Tower |
| 16:03 | Construir | Palisade Wall |
| 16:13 | Construir | Farm |
| 16:23 | Encolar | Skirmisher |
| 16:28 | Construir | House |
| 16:29 | Construir | Palisade Wall |
| 16:58 | Encolar | Skirmisher |
| 17:11 | Construir | Palisade Wall |
| 17:14 | Construir | Mining Camp |
| 17:17 | Encolar | Skirmisher |
| 17:29 | Construir | House |
| 17:32 | Encolar | Skirmisher |
| 17:34 | Encolar | Skirmisher |
| 17:38 | Construir | House |
| 17:39 | Encolar | Villager (Male) |
| 17:44 | Encolar | Skirmisher |
| 17:47 | Construir | House |
| 17:58 | Encolar | Villager (Male) |
| 18:08 | Encolar | Skirmisher |
| 18:21 | Construir | Stable |
| 18:23 | Encolar | Villager (Male) |
| 18:32 | Construir | House |
| 18:49 | Encolar | Skirmisher |
| 19:01 | Encolar | Skirmisher |
| 19:11 | Construir | House |
| 19:14 | Construir | House |
| 19:17 | Encolar | Villager (Male) |
| 19:27 | Encolar | Scout Cavalry |
| 19:53 | Construir | House |
| 20:01 | Construir | House |
| 20:17 | Encolar | Villager (Male) |
| 20:36 | Encolar | Skirmisher |
Cronología de la partida
| 6:07 | Shulk · first_building Barracks |
| 7:22 | PatrickJane · first_building Barracks |
| 7:35 | Shulk · wall_segment Palisade Wall x2 |
| 8:28 | PatrickJane · age_up feudal |
| 8:31 | PatrickJane · first_building Archery Range |
| 9:17 | Shulk · age_up feudal |
| 9:20 | Shulk · first_building Archery Range |
| 9:48 | PatrickJane · wall_segment Palisade Wall x1 |
| 9:50 | PatrickJane · wall_segment Palisade Wall x1 |
| 10:04 | PatrickJane · wall_segment Palisade Wall x1 |
| 10:06 | PatrickJane · wall_segment Palisade Wall x1 |
| 10:07 | PatrickJane · wall_segment Palisade Wall x1 |
| 10:09 | PatrickJane · wall_segment Palisade Wall x1 |
| 10:09 | PatrickJane · wall_segment Palisade Wall x1 |
| 14:43 | Shulk · wall_segment Palisade Wall x2 |
| 14:45 | Shulk · wall_segment Palisade Wall x11 |
| 15:20 | PatrickJane · wall_segment Palisade Wall x6 |
| 15:23 | PatrickJane · wall_segment Palisade Wall x8 |
| 15:41 | PatrickJane · wall_segment Palisade Wall x1 |
| 15:42 | PatrickJane · wall_segment Palisade Wall x1 |
| 16:03 | PatrickJane · wall_segment Palisade Wall x12 |
| 16:29 | PatrickJane · wall_segment Palisade Wall x6 |
| 17:11 | PatrickJane · wall_segment Palisade Wall x10 |
| 18:21 | PatrickJane · first_building Stable |
| 19:50 | Shulk · first_market_sell 500 wood |
| 20:32 | Shulk · first_market_buy 100 food |
| 20:47 | PatrickJane · resign |
[ ANÁLISIS IA · 1 CRÉDITO ]
¿Qué pasó realmente en esta partida?
Wolo.gg analiza cada decisión: build order, eco, micro, errores típicos por bracket. Análisis personalizado por WhatsApp o Discord en 30 segundos.
Guía civ
Armenios
Perfil
Jugador #289473